Map: Odyssey LE

Players

INK - Winner!

  • Race: Protoss Protoss
  • League: Gold
  • Spawn Location: 11:00

Breeze

  • Race: Protoss Protoss
  • League: Platinum
  • Spawn Location: 5:00

VOD

Have the link to the VOD?

Description

Time

  • Played on: June 17, 2017, 10:55 p.m.
  • Length: 9:43
Show
View Real Time Build Order
Export as new Build Order

INK Protoss - Winner!

Build Orders: Oracle Opening 

Get SALT Encoding   

  12  0:13  Pylon  
  12  0:19  Pylon  
  12  0:24  Probe (Chrono Boost)  
  13  0:35  Probe (Chrono Boost)  
  14  0:46  Gateway  
  14  0:53  Pylon  
  14  1:09  Probe (Chrono Boost)  
  15  1:20  Probe (Chrono Boost)  
  16  1:25  Assimilator  
  16  1:30  Probe (Chrono Boost)  
  17  1:36  Zealot  
  19  1:41  Probe (Chrono Boost), Assimilator  
  19  1:43  Cybernetics Core  
  20  1:51  Probe (Chrono Boost)  
  21  2:02  Probe (Chrono Boost)  
  22  2:12  Probe (Chrono Boost)  
  21  2:23  Probe (Chrono Boost)  
  21  2:27  Pylon  
  22  2:31  Pylon  
  22  2:33  Probe (Chrono Boost)  
  22  2:34  Pylon  
  23  2:38  Gateway  
  24  2:46  Mothership Core (Chrono Boost)  
  25  3:00  Stargate  
  25  3:39  Robotics Facility  
  25  3:41  Adept  
  27  3:51  Oracle  
  30  4:03  Pylon  
  30  4:08  Adept  
  32  4:27  Immortal  
  36  4:37  Void Ray  
  40  4:54  Pylon  
  40  4:57  Stalker  
  39  5:23  Void Ray  
  43  5:37  Nexus  
  43  5:38  Stargate  
  43  5:44  Probe (Chrono Boost)  
  43  5:49  Pylon  
  44  5:55  Probe (Chrono Boost)  
  45  5:59  Adept  
  47  6:06  Probe (Chrono Boost)  
  48  6:16  Probe (Chrono Boost)  
  49  6:26  Adept  
  49  6:27  Probe (Chrono Boost)  
  52  6:37  Probe (Chrono Boost)  
  51  6:48  Probe (Chrono Boost)  
  52  7:04  Void Ray x2  
  52  7:06  Immortal  
  60  7:51  Stalker  
  60  7:53  Immortal  
  60  7:55  Void Ray  
  60  7:59  Probe (Chrono Boost)  
  60  8:05  Assimilator  
  60  8:07  Assimilator  
  60  8:10  Probe (Chrono Boost)  
  60  8:20  Probe (Chrono Boost)  
  60  8:24  Void Ray  
  60  8:29  Probe (Chrono Boost)  
  60  8:31  Probe (Chrono Boost)  
  60  8:39  Probe (Chrono Boost)  
  60  8:41  Probe (Chrono Boost)  
  60  8:50  Probe (Chrono Boost)  
  60  9:00  Probe (Chrono Boost)  
  60  9:11  Probe (Chrono Boost)  
Show
View Real Time Build Order
Export as new Build Order

Breeze Protoss 

Build Orders:  

Get SALT Encoding   

  12  0:02  Probe (Chrono Boost)  
  13  0:12  Probe (Chrono Boost)  
  14  0:20  Pylon  
  14  0:23  Probe (Chrono Boost)  
  15  0:38  Probe (Chrono Boost)  
  16  0:48  Probe (Chrono Boost)  
  16  0:49  Forge  
  17  0:55  Pylon  
  17  1:02  Pylon  
  17  1:10  Pylon  
  17  1:22  Photon Cannon  
  17  1:28  Photon Cannon  
  17  1:40  Assimilator  
  17  1:44  Assimilator  
  17  1:46  Gateway  
  17  1:48  Probe (Chrono Boost)  
  18  2:01  Probe (Chrono Boost)  
  19  2:11  Probe (Chrono Boost)  
  20  2:19  Pylon  
  20  2:22  Probe (Chrono Boost)  
  21  2:23  Pylon  
  21  2:32  Probe (Chrono Boost)  
  22  2:38  Cybernetics Core  
  22  2:45  Photon Cannon  
  22  3:12  Nexus  
  22  3:26  Stargate  
  22  3:31  Mothership Core (Chrono Boost)  
  24  3:40  Pylon  
  24  3:50  Protoss Air Weapons Level 1  
  24  4:11  Probe (Chrono Boost)  
  25  4:23  Fleet Beacon, Probe (Chrono Boost)  
  26  4:35  Probe (Chrono Boost)  
  26  4:37  Probe (Chrono Boost)  
  28  4:39  Photon Cannon  
  28  4:41  Photon Cannon  
  28  4:46  Probe (Chrono Boost)  
  28  4:48  Probe (Chrono Boost)  
  28  4:50  Assimilator  
  30  4:56  Probe (Chrono Boost)  
  30  4:58  Probe (Chrono Boost)  
  32  5:10  Stargate  
  32  5:11  Graviton Catapult  
  31  5:33  Assimilator, Carrier (Chrono Boost)  
  31  5:35  Probe x2 (Chrono Boost)  
  39  5:49  Probe x2 (Chrono Boost)  
  41  5:59  Probe (Chrono Boost)  
  41  6:00  Probe (Chrono Boost)  
  41  6:02  Carrier (Chrono Boost)  
  49  6:10  Probe (Chrono Boost)  
  50  6:14  Probe (Chrono Boost)  
  51  6:20  Stargate  
  51  6:21  Probe (Chrono Boost)  
  51  6:25  Probe (Chrono Boost)  
  53  6:31  Probe (Chrono Boost)  
  54  6:36  Probe  
  44  7:09  Carrier (Chrono Boost)  
  44  7:10  Probe x2  
  43  7:22  Probe x2  
Tags
 
Matchup
PvP
Spawn Locations
Cross Positions
Add a new tag
Caveats
  • Supply blocks, unpowered buildings, or Contaminate may cause inaccurate times.
  • Supply counts are checked every 10 seconds.